TOP OF THE 1ST |
Reading Fightin Phils batting - Pitching for Altoona Curve : LHP Mario Flores
|
Pitching: LHP Mario Flores
|
|
Batting: RHB Chris Myers
|
0-0: Ground out 5-3 (Groundball, 56, EV 87.5 MPH)
|
Batting: RHB Steve Jones
|
0-0: Ball 1-0: Ball 2-0: Called Strike 2-1: Foul Ball, location: 2F 2-2: Ground out 5-3 (Groundball, 5, EV 80.6 MPH)
|
Batting: RHB Matt McDevitt
|
0-0: Ball 1-0: Swinging Strike 1-1: Foul Ball, location: 2F 1-2: Ball 2-2: Ball 3-2: Ground out 3-1 (Groundball, 34S, EV 85.6 MPH)
|
Top of the 1st over - 0 runs, 0 hits, 0 errors, 0 left on base; Reading 0 - Altoona 0 |
BOTTOM OF THE 1ST |
Altoona Curve batting - Pitching for Reading Fightin Phils : LHP Eddie San Miguel
|
Pitching: LHP Eddie San Miguel
|
|
Batting: RHB Ron Corn
|
0-0: Ball 1-0: Foul Ball, location: 2F 1-1: Ground out 4-3 (Groundball, 4, EV 84.4 MPH)
|
Batting: RHB Nelson Ozuna
|
0-0: Called Strike 0-1: Ball 1-1: Ball 2-1: Called Strike 2-2: Ball 3-2: Foul Ball, location: 2F 3-2: Ground out 3-1 (Groundball, 34S, EV 86.2 MPH)
|
Batting: RHB Chris Pozzi
|
0-0: Ball 1-0: Ball 2-0: Foul Ball, location: 2F 2-1: Swinging Strike 2-2: Strikes out swinging
|
Bottom of the 1st over - 0 runs, 0 hits, 0 errors, 0 left on base; Reading 0 - Altoona 0 |
TOP OF THE 2ND |
Reading Fightin Phils batting - Pitching for Altoona Curve : LHP Mario Flores
|
Batting: RHB Seung-mun Kim
|
0-0: Ball 1-0: Ball 2-0: Called Strike 2-1: Ground out 6-3 (Groundball, 6, EV 86.9 MPH)
|
Batting: RHB Frank Ramirez
|
0-0: Ball 1-0: Called Strike 1-1: Hit by Pitch
|
Batting: LHB Rich Kuehne
|
0-0: Ball 1-0: Called Strike 1-1: Called Strike 1-2: Ground out 4-3 (Groundball, 4D, EV 112.5 MPH) Frank Ramirez to second
|
Batting: LHB Tsuneharu Nishimura
|
0-0: Ball 1-0: Called Strike 1-1: Ground out 4-3 (Groundball, 4, EV 108.1 MPH)
|
Top of the 2nd over - 0 runs, 0 hits, 0 errors, 1 left on base; Reading 0 - Altoona 0 |
BOTTOM OF THE 2ND |
Altoona Curve batting - Pitching for Reading Fightin Phils : LHP Eddie San Miguel
|
Batting: RHB Pleun Smit
|
0-0: Ball 1-0: Foul Ball, location: 2F 1-1: Swinging Strike 1-2: Foul Ball, location: 2F 1-2: Ball 2-2: Strikes out looking
|
Batting: LHB Jesse Henly
|
0-0: Ball 1-0: Foul Ball, location: 2F 1-1: Ball 2-1: Swinging Strike 2-2: Foul Ball, location: 2F 2-2: Foul Ball, location: 2F 2-2: Strikes out swinging
|
Batting: RHB Killian Jones
|
0-0: Swinging Strike 0-1: Ground out 6-3 (Groundball, 6, EV 83.8 MPH)
|
Bottom of the 2nd over - 0 runs, 0 hits, 0 errors, 0 left on base; Reading 0 - Altoona 0 |
TOP OF THE 3RD |
Reading Fightin Phils batting - Pitching for Altoona Curve : LHP Mario Flores
|
Batting: RHB Cory Bonham
|
0-0: Ball 1-0: Ball 2-0: Ball 3-0: Called Strike 3-1: Ground out 3-1 (Groundball, 34, EV 88.8 MPH)
|
Batting: RHB Allen Deschamps
|
0-0: Ball 1-0: Ball 2-0: Ball 3-0: Base on Balls
|
Batting: RHB Chris Myers
|
0-0: Grounds into double play, 6-4-3 (Groundball, 6, EV 93.8 MPH)
|
Top of the 3rd over - 0 runs, 0 hits, 0 errors, 0 left on base; Reading 0 - Altoona 0 |
BOTTOM OF THE 3RD |
Altoona Curve batting - Pitching for Reading Fightin Phils : LHP Eddie San Miguel
|
Batting: RHB Tim Moore
|
0-0: Ball 1-0: Ground out 5-3 (Groundball, 5S, EV 65.0 MPH)
|
Batting: SHB Jerry Massey
|
0-0: Ball 1-0: Swinging Strike 1-1: Foul Ball, location: 2F 1-2: Strikes out swinging
|
Batting: RHB Bahiyy al Din bin Mamdouh
|
0-0: Ground out 3-1 (Groundball, 34, EV 86.9 MPH)
|
Bottom of the 3rd over - 0 runs, 0 hits, 0 errors, 0 left on base; Reading 0 - Altoona 0 |
TOP OF THE 4TH |
Reading Fightin Phils batting - Pitching for Altoona Curve : LHP Mario Flores
|
Batting: RHB Steve Jones
|
0-0: Ball 1-0: Ball 2-0: Ball 3-0: Base on Balls
|
Batting: RHB Matt McDevitt
|
0-0: Ball Steve Jones steals 2nd base 1-0: Ball 2-0: Called Strike 2-1: Foul Ball, location: 2F 2-2: Strikes out swinging
|
Batting: RHB Seung-mun Kim
|
0-0: Called Strike 0-1: Foul Ball, location: 2F 0-2: Ball 1-2: Foul Ball, location: 2F 1-2: Strikes out swinging
|
Batting: RHB Frank Ramirez
|
0-0: Ball 1-0: Foul Ball, location: 2F 1-1: Fly out, F8 (Line Drive, 78M, EV 98.1 MPH)
|
Top of the 4th over - 0 runs, 0 hits, 0 errors, 1 left on base; Reading 0 - Altoona 0 |
BOTTOM OF THE 4TH |
Altoona Curve batting - Pitching for Reading Fightin Phils : LHP Eddie San Miguel
|
Batting: RHB Ron Corn
|
0-0: Ball 1-0: Called Strike 1-1: Swinging Strike 1-2: Foul Ball, location: 2F 1-2: Ball 2-2: Fly out, F7 (Flyball, 7, EV 89.4 MPH)
|
Batting: RHB Nelson Ozuna
|
0-0: Ball 1-0: Foul Ball, location: 2F 1-1: Ball 2-1: Foul Ball, location: 2F 2-2: Ball 3-2: SINGLE (Groundball, 6MD, EV 96.9 MPH)
|
Batting: RHB Chris Pozzi
|
0-0: Ball 1-0: Ball 2-0: Ball 3-0: Base on Balls Nelson Ozuna to second
|
Batting: RHB Pleun Smit
|
0-0: SINGLE (Groundball, 6MD, EV 106.2 MPH) Nelson Ozuna to third Chris Pozzi to second
|
Batting: LHB Jesse Henly
|
0-0: Called Strike 0-1: Grounds into double play, 6-4-3 (Groundball, 6, EV 91.2 MPH)
|
Bottom of the 4th over - 0 runs, 2 hits, 0 errors, 2 left on base; Reading 0 - Altoona 0 |
TOP OF THE 5TH |
Reading Fightin Phils batting - Pitching for Altoona Curve : LHP Mario Flores
|
Batting: LHB Rich Kuehne
|
0-0: Swinging Strike 0-1: Swinging Strike 0-2: Strikes out looking
|
Batting: LHB Tsuneharu Nishimura
|
0-0: Ball 1-0: Foul Ball, location: 2F 1-1: Ball 2-1: Ball 3-1: Called Strike 3-2: SINGLE (Groundball, 34D, EV 96.2 MPH)
|
Batting: RHB Cory Bonham
|
0-0: Called Strike 0-1: Swinging Strike 0-2: Ball 1-2: Strikes out looking
|
Batting: RHB Allen Deschamps
|
0-0: Called Strike 0-1: Called Strike 0-2: Ball 1-2: Strikes out looking
|
Top of the 5th over - 0 runs, 1 hit, 0 errors, 1 left on base; Reading 0 - Altoona 0 |
BOTTOM OF THE 5TH |
Altoona Curve batting - Pitching for Reading Fightin Phils : LHP Eddie San Miguel
|
Batting: RHB Killian Jones
|
0-0: Foul Ball, location: 2F 0-1: Swinging Strike 0-2: SINGLE (Groundball, 34D, EV 100.0 MPH)
|
Batting: RHB Tim Moore
|
0-0: Ball 1-0: Fielders Choice at 2nd, 6-4 (Groundball, 6, EV 87.5 MPH)
|
Batting: SHB Jerry Massey
|
0-0: Ball Wild Pitch! Tim Moore to second 1-0: Fly out, F8 (Flyball, 8RS, EV 85.6 MPH)
|
Batting: RHB Bahiyy al Din bin Mamdouh
|
0-0: Foul Ball, location: 2F 0-1: Foul Ball, location: 2F 0-2: Foul Ball, location: 2F 0-2: Ball 1-2: Strikes out looking
|
Bottom of the 5th over - 0 runs, 1 hit, 0 errors, 1 left on base; Reading 0 - Altoona 0 |
TOP OF THE 6TH |
Reading Fightin Phils batting - Pitching for Altoona Curve : LHP Mario Flores
|
Batting: RHB Chris Myers
|
0-0: Ball 1-0: Fly out, F9 (Flyball, 89M, EV 81.2 MPH)
|
Batting: RHB Steve Jones
|
0-0: Ball 1-0: Ball 2-0: Ball 3-0: Base on Balls
|
Batting: RHB Matt McDevitt
|
0-0: Foul Ball, location: 2F 0-1: Grounds into double play, 4-6-3 (Groundball, 4, EV 85.6 MPH)
|
Top of the 6th over - 0 runs, 0 hits, 0 errors, 0 left on base; Reading 0 - Altoona 0 |
BOTTOM OF THE 6TH |
Altoona Curve batting - Pitching for Reading Fightin Phils : LHP Eddie San Miguel
|
Batting: RHB Ron Corn
|
0-0: Ball 1-0: Called Strike 1-1: Ball 2-1: SOLO HOME RUN (Flyball, 7LD, EV 92.5 MPH), Distance : 351 ft
|
Batting: RHB Nelson Ozuna
|
0-0: Ball 1-0: Foul Ball, location: 2F 1-1: Fly out, F5 (Line Drive, 5L, EV 72.5 MPH)
|
Batting: RHB Chris Pozzi
|
0-0: Fly out, F7 (Flyball, 78S, EV 91.2 MPH)
|
Batting: RHB Pleun Smit
|
0-0: Called Strike 0-1: Ball 1-1: Ground out 5-3 (Groundball, 56, EV 106.2 MPH)
|
Bottom of the 6th over - 1 run, 1 hit, 0 errors, 0 left on base; Reading 0 - Altoona 1 |
TOP OF THE 7TH |
Reading Fightin Phils batting - Pitching for Altoona Curve : LHP Mario Flores
|
Batting: RHB Seung-mun Kim
|
0-0: Ball 1-0: SINGLE (Groundball, 56D, EV 106.2 MPH)
|
Batting: RHB Frank Ramirez
|
0-0: Fly out, F7 (Flyball, 7, EV 83.1 MPH)
|
Pinch Hitting: RHB Zach Downs
|
0-0: Ball 1-0: Ball 2-0: Foul Ball, location: 2F 2-1: Fly out, F8 (Flyball, 8RD, EV 93.1 MPH)
|
Batting: RHB Alan Weller
|
0-0: Ball 1-0: Swinging Strike 1-1: Called Strike 1-2: Foul Ball, location: 2F 1-2: Ball 2-2: Strikes out looking
|
Top of the 7th over - 0 runs, 1 hit, 0 errors, 1 left on base; Reading 0 - Altoona 1 |
BOTTOM OF THE 7TH |
Altoona Curve batting - Pitching for Reading Fightin Phils : LHP Eddie San Miguel
|
Now at 1B: Zach Downs
|
|
Batting: LHB Jesse Henly
|
0-0: Ball 1-0: Ball 2-0: Ball 3-0: Called Strike 3-1: Called Strike 3-2: Fly out, F7 (Flyball, 7, EV 84.4 MPH)
|
Pitching: RHP Alard Kraaijeveld
|
|
Batting: RHB Killian Jones
|
0-0: Called Strike 0-1: Foul Ball, location: 2F 0-2: Ground out 6-3 (Groundball, 6S, EV 81.2 MPH)
|
Batting: RHB Tim Moore
|
0-0: Foul Ball, location: 2F 0-1: Called Strike 0-2: Ball 1-2: Ball 2-2: Strikes out swinging
|
Bottom of the 7th over - 0 runs, 0 hits, 0 errors, 0 left on base; Reading 0 - Altoona 1 |
TOP OF THE 8TH |
Reading Fightin Phils batting - Pitching for Altoona Curve : LHP Mario Flores
|
Batting: RHB Cory Bonham
|
0-0: Ground out 5-3 (Groundball, 5, EV 84.4 MPH)
|
Batting: RHB Allen Deschamps
|
0-0: Called Strike 0-1: Foul Ball, location: 2F 0-2: Strikes out swinging, 2-3 out at first.
|
Batting: RHB Chris Myers
|
0-0: Called Strike 0-1: Ball 1-1: Ball 2-1: Ball 3-1: Called Strike 3-2: Base on Balls
|
Pitching: RHP Robby Poyfair
|
|
Batting: RHB Steve Jones
|
0-0: Called Strike 0-1: SINGLE (Line Drive, 4MD, EV 96.9 MPH) Chris Myers to second Runner from 2nd tries for 3rd, OUT! 8-5
|
Top of the 8th over - 0 runs, 1 hit, 0 errors, 1 left on base; Reading 0 - Altoona 1 |
BOTTOM OF THE 8TH |
Altoona Curve batting - Pitching for Reading Fightin Phils : RHP Alard Kraaijeveld
|
Batting: SHB Jerry Massey
|
0-0: Foul Ball, location: 2F 0-1: Ball 1-1: Ground out 3-1 (Groundball, 34, EV 86.2 MPH)
|
Batting: RHB Bahiyy al Din bin Mamdouh
|
0-0: Fly out, F8 (Line Drive, 78M, EV 86.9 MPH)
|
Batting: RHB Ron Corn
|
0-0: Ball 1-0: Ball 2-0: Ball 3-0: Base on Balls
|
Batting: RHB Nelson Ozuna
|
0-0: Ball 1-0: Ground out 4-3 (Groundball, 4M, EV 105.0 MPH)
|
Bottom of the 8th over - 0 runs, 0 hits, 0 errors, 1 left on base; Reading 0 - Altoona 1 |
TOP OF THE 9TH |
Reading Fightin Phils batting - Pitching for Altoona Curve : RHP Robby Poyfair
|
Now at 1B: Aito Harada
|
|
Batting: RHB Matt McDevitt
|
0-0: Ball 1-0: Called Strike 1-1: Ball 2-1: SINGLE (Flyball, 56D, EV 86.9 MPH)
|
Batting: RHB Seung-mun Kim
|
0-0: Called Strike 0-1: Foul Ball, location: 2F 0-2: Foul Ball, location: 2F 0-2: Foul Ball, location: 2F 0-2: Strikes out looking
|
Batting: RHB Frank Ramirez
|
0-0: Called Strike 0-1: Fly out, F8 (Flyball, 8RD, EV 90.6 MPH)
|
Batting: RHB Zach Downs
|
0-0: SINGLE (Groundball, 6MD, EV 98.1 MPH) Matt McDevitt to second
|
Batting: RHB Alan Weller
|
0-0: Called Strike 0-1: Ball 1-1: Ball 2-1: Fly out, F8 (Flyball, 89M, EV 96.2 MPH)
|
Top of the 9th over - 0 runs, 2 hits, 0 errors, 2 left on base; Reading 0 - Altoona 1 |
|